 Dungeon Crawl Stone Soup version 0.32-a0-630-g46d191b0ed (webtiles) character file.

Game seed: 10613323970777196052

8633 funkygono the Thaumaturge (level 11, -1/57 HPs)
             Began as a Deep Elf Fire Elementalist on Mar 6, 2024.
             Was a Priest of Sif Muna.
             Slain by an orc warlord
             ... wielding a +3 battleaxe
              (28 damage)
             ... in a bailey.
             The game lasted 00:24:59 (10622 turns).

funkygono the Thaumaturge (DEFE)                   Turns: 10622, Time: 00:25:00

Health: -1/57      AC: 12    Str:  5    XL:     11   Next: 12%
Magic:  9/31       EV: 19    Int: 25    God:    Sif Muna [***...]
Gold:   509        SH:  0    Dex: 15    Spells: 17/38 levels left

rFire   + . .        w - staff of fire
rCold   . . .        (no shield)
rNeg    . . .        a - +0 robe
rPois   .            f - +1 helmet
rElec   .            (no cloak)
rCorr   .            m - +1 pair of gloves
SInv    .            k - +1 pair of boots
Will    +....        (no amulet)
Stlth   +++          q - +5 ring of evasion
HPRegen 0.29/turn    l - +4 ring of protection
MPRegen 0.22/turn

%: no passive effects
@: no status effects
A: no striking features
a: Renounce Religion, Channel Magic, Forget Spell


You were in a bailey.
You worshipped Sif Muna.
Sif Muna was most pleased with you.
You visited 2 branches of the dungeon, and saw 10 of its levels.
You also visited: Bailey.

You collected 509 gold pieces.

Inventory:

Hand Weapons
 d - a +1 dagger
 v - a +2 dagger of venom
 F - the +4 flail "Woeteug" {holy, rC+ rN+ Dex+3}
   (You took it off a gnoll bouda on level 7 of the Dungeon)

   Dex+3:     It affects your dexterity (+3).
   rC+:       It protects you from cold.
   rN+:       It protects you from negative energy.
 J - a +2 lajatang of venom
Missiles
 E - 3 throwing nets
Armour
 a - a +0 robe (worn)
 f - a +1 helmet (worn)
 k - a +1 pair of boots (worn)
 m - a +1 pair of gloves (worn)
 C - the +5 chain mail "Gikuarr" {rElec rC++ Int+3}
   (You took it off a kobold on level 7 of the Dungeon)

   Int+3:     It affects your intelligence (+3).
   rC++:      It greatly protects you from cold.
   rElec:     It insulates you from electricity.
Magical Staves
 w - a staff of fire (weapon)
Jewellery
 i - a +6 ring of dexterity
 l - a +4 ring of protection (right hand)
 q - a +5 ring of evasion (left hand)
 D - a ring of magical power
 P - a ring of magical power
Talismans
 K - a serpent talisman
 M - a beast talisman
Wands
 o - a wand of warping (30)
 y - a wand of light (1)
 B - a wand of flame (21)
Scrolls
 t - a scroll of enchant weapon
 u - 4 scrolls of revelation
 G - a scroll of blinking
 H - 3 scrolls of teleportation
 I - 3 scrolls of amnesia
 N - a scroll of enchant armour
 Q - a scroll of butterflies
Potions
 b - 4 potions of magic
 c - 2 potions of heal wounds
 e - 3 potions of haste
 g - 2 potions of resistance
 h - a potion of degeneration {unknown}
 j - 2 potions of attraction {unknown}
 n - a potion of experience {unknown}
 p - 2 potions of berserk rage
 r - 2 potions of mutation {unknown}
 s - a potion of enlightenment {unknown}
 x - 5 potions of curing
 z - 2 potions of cancellation
 A - 2 potions of lignification {unknown}
 O - 5 potions of might {unknown}
 R - a potion of invisibility {unknown}
Miscellaneous
 L - a sack of spiders


   Skills:
 + Level 1.7 Fighting
 + Level 3.0 Staves
 + Level 5.0 Dodging
 + Level 4.4 Stealth
 + Level 14.1 Spellcasting
 + Level 6.1 Conjurations
 + Level 11.7 Fire Magic
 * Level 3.1 Alchemy


You had 17 spell levels left.
You knew the following spells:

 Your Spells              Type           Power      Damage    Failure   Level
a - Foxfire               Conj/Fire      100%       2x1d9     1%          1
b - Scorch                Fire           100%       2d9       1%          2
c - Volatile Blastmotes   Fire/Tloc      100%       2d18      1%          3
d - Flame Wave            Conj/Fire      76%        2d17      1%          4
e - Sting                 Conj/Alch      100%       1d9       1%          1
f - Olgreb's Toxic Radia  Alch           33%        N/A       9%          4
g - Starburst             Conj/Fire      38%        6d11      13%         6

Your spell library contained the following spells:

 Spells                   Type           Power      Damage    Failure   Level
 Magic Dart               Conj           100%       1d8       1%          1
 Static Discharge         Conj/Air       66%        3-6/arc   1%          2
 Inner Flame              Hex/Fire       63%        N/A       1%          3
 Mercury Vapours          Alch/Air       50%        N/A       2%          2
 Apportation              Tloc           34%        N/A       3%          1
 Necrotise                Necr           68%        1d7       3%          1
 Summon Small Mammal      Summ           68%        N/A       3%          1
 Blink                    Tloc           34%        N/A       4%          2
 Jinxbite                 Hex            34%        N/A       4%          2
 Call Canine Familiar     Summ           17%        N/A       10%         3
 Fugue of the Fallen      Necr           17%        N/A       10%         3
 Ozocubu's Armour         Ice            17%        N/A       10%         3
 Sigil of Binding         Hex            17%        N/A       10%         3
 Alistair's Intoxication  Alch           22%        N/A       24%         5
 Dimensional Bullseye     Hex/Tloc       8%         N/A       32%         4
 Manifold Assault         Tloc           17%        N/A       32%         4
 Plasma Beam              Fire/Air       31%        2x1d44    41%         6
 Yara's Violent Unravell  Hex/Alch       12%        3d7       43%         5
 Conjure Ball Lightning   Conj/Air       16%        3x3d6     80%         6
 Enfeeble                 Hex            8%         N/A       100%        7
 Malign Gateway           Summ/Tloc      8%         N/A       100%        7
 Summon Hydra             Summ           8%         N/A       100%        7
 Fire Storm               Conj/Fire      38%        8d10      100%        9


Dungeon Overview and Level Annotations

Branches:
Dungeon (9/15)             Temple (1/1) D:6          Bailey (1/1)
   Lair: D:8-11         Orc: D:9-12

Altars:
Ashenzari
Cheibriados
Dithmenos
Elyvilon
Fedhas
Gozag
Hepliaklqana
Kikubaaqudgha
Makhleb
Nemelex Xobeh
Okawaru
Qazlal
Ru
Sif Muna
Uskayaw
Vehumet
Wu Jian
Xom
Yredelemnul
Zin
The Shining One

Shops:
D:3 ?


Message History

The orc warlord is burned terribly!
The orc warlord is moderately wounded.
The orc warlord hits you with a +3 battleaxe.
Unknown command.
Casting: Scorch (safe; 1% risk of failure)
Confirm with . or Enter, or press ? or * to list all spells.
You feel a surge of power!
Flames lash the orc warlord.
The orc warlord is burned terribly!
The orc warlord is heavily wounded.
The orc warlord barely misses you.
Unknown command.
Casting: Scorch (safe; 1% risk of failure)
Confirm with . or Enter, or press ? or * to list all spells.
You feel a surge of power!
Flames lash the orc warlord.
The orc warlord is burned terribly!
The orc warlord is severely wounded.
The orc warlord hits you with a +3 battleaxe!!
* * * LOW HITPOINT WARNING * * *
You feel much better.
The orc warlord hits you with a +3 battleaxe.
* * * LOW HITPOINT WARNING * * *
You feel much better. The orc warlord barely misses you.
Casting: Scorch (safe; 1% risk of failure)
Confirm with . or Enter, or press ? or * to list all spells.
You feel a surge of power!
Flames lash the orc warlord.
The orc warlord is burned terribly!
The orc warlord is severely wounded.
The orc warlord misses you.
Casting: Scorch (safe; 1% risk of failure)
Confirm with . or Enter, or press ? or * to list all spells.
You feel a surge of power!
Flames lash the orc warlord but do no damage.
The orc warlord hits you with a +3 battleaxe!
Casting: Scorch (safe; 1% risk of failure)
Confirm with . or Enter, or press ? or * to list all spells.
You feel a surge of power!
Flames lash the orc warlord.
The orc warlord is burned terribly!
The orc warlord is almost dead.
The orc warlord hits you with a +3 battleaxe!!
You die...

♣∩...)~~)#~....∩....~#.~~~...∩♣
♣♣..)~~))#~.........~#.~~~...♣♣
♣...~~~.#~~.ß...ß.~~#)~~~...♣
♣♣..###'###.......###'###..♣♣
♣.##..).#~.ß...ß.~#....##.♣
♣##..)..#~~~~~~~~~#.....##♣
##......####~~~####......##
#...ß......#''o#......ß...#
#.............@...........#
#.........................#
##..ß..ß...........ß..ß..##
##.......#######.......##
##.....## ##.....## ##...##
##...## ##### #####


You could see an orc warlord (very poisoned, combustible).

Vanquished Creatures
  A two-headed ogre (D:7)
  A cyclops (D:8)
  An elephant (D:9)
  A gargoyle (D:7)
  2 kobold demonologists (D:7)
  A troll (D:7)
  A hornet (D:9)
  Prince Ribbit (D:6)
  Sigmund (D:2)
  2 shadows (D:7)
  A yak (D:9)
  Duvessa (D:5)
  5 orc warriors
  A black bear (D:7)
  An ice beast (D:7)
  2 sky beasts
  7 centaurs
  3 ogres
  4 phantoms
  4 kobold brigands
  6 bullfrogs
  A gnoll sergeant (D:7)
  A wyvern zombie (D:5)
  4 scorpions
  2 water moccasin zombies (D:5)
  Dowan (D:5)
  10 killer bees (D:9)
  4 howler monkeys
  4 crimson imps (D:7)
  A human zombie (D:5)
  A bullfrog zombie (D:5)
  A hound (D:7)
  2 bombardier beetles
  A centaur zombie (D:5)
  4 gnoll boudas
  2 jellies (D:7)
  5 orc priests
  A bullfrog skeleton (D:5)
  3 sleepcaps
  A scorpion zombie (D:5)
  2 iguanas
  7 orc wizards
  A killer bee zombie (D:5)
  A hound zombie (D:5)
  A howler monkey skeleton (D:5)
  5 adders
  24 gnolls
  A shadow imp (D:5)
  2 white imps
  A dart slug (D:3)
  2 ribbon worms
  37 orcs
  4 ball pythons
  10 endoplasms
  4 giant cockroaches
  13 hobgoblins
  5 jackals
  34 kobolds
  2 quokkas
  16 bats
  3 frilled lizards (D:3)
  10 goblins
  4 rats
285 creatures vanquished.

Vanquished Creatures (others)
  A butterfly (D:5)
  715 foxfires
716 creatures vanquished.

Grand Total: 1001 creatures vanquished

Notes
Turn   | Place    | Note
-------+----------+-------------------------------------------
     0 | D:1      | funkygono the Deep Elf Fire Elementalist began the quest
                  | for the Orb.
     0 | D:1      | Reached XP level 1. HP: 10/10 MP: 6/6
   140 | D:1      | Reached XP level 2. HP: 15/15 MP: 4/8
   164 | D:1      | Learned a level 2 spell: Scorch
   849 | D:2      | Noticed Sigmund
   855 | D:2      | Killed Sigmund
   856 | D:2      | Reached skill level 4 in Spellcasting
   856 | D:2      | Reached skill level 5 in Fire Magic
   856 | D:2      | Reached XP level 3. HP: 19/19 MP: 1/11
   856 | D:2      | Reached XP level 4. HP: 24/24 MP: 1/12
   856 | D:2      | Reached XP level 5. HP: 28/28 MP: 1/13
   952 | D:2      | Learned a level 3 spell: Volatile Blastmotes
   957 | D:2      | Learned a level 4 spell: Flame Wave
  1048 | D:2      | Noticed an ogre
  1057 | D:2      | Killed an ogre
  1058 | D:2      | Reached skill level 5 in Spellcasting
  1263 | D:2      | Reached XP level 6. HP: 32/32 MP: 13/15
  1959 | D:3      | Found a basalt altar of Yredelemnul.
  1960 | D:3      | Found a shadowy altar of Dithmenos.
  2739 | D:3      | Reached skill level 6 in Spellcasting
  3034 | D:3      | Found Yschys's Magic Scroll Shop.
  3270 | D:4      | Found a hide-covered altar of Uskayaw.
  3319 | D:4      | Found a stormy altar of Qazlal.
  3319 | D:4      | Noticed a sky beast
  3334 | D:4      | Killed a sky beast
  3335 | D:4      | Reached XP level 7. HP: 36/36 MP: 11/18
  3807 | D:4      | Reached skill level 7 in Spellcasting
  4040 | D:4      | Found a blossoming altar of Fedhas.
  4511 | D:4      | Identified a scroll of acquirement
  4511 | D:4      | Acquired Moyryug's Opusculum on the Impact
  4532 | D:5      | Entered Level 5 of the Dungeon
  4533 | D:5      | Noticed Duvessa
  4534 | D:5      | Noticed Dowan
  4536 | D:5      | Killed Dowan
  4544 | D:5      | Killed Duvessa
  4690 | D:5      | Reached skill level 8 in Spellcasting
  4690 | D:5      | Reached XP level 8. HP: 41/41 MP: 17/22
  4942 | D:5      | Found a broken altar of Ashenzari.
  4948 | D:5      | Learned a level 1 spell: Sting
  5287 | D:5      | Reached skill level 1 in Staves
  5352 | D:5      | Reached skill level 9 in Spellcasting
  5368 | D:5      | Found an ancient bone altar of Kikubaaqudgha.
  5836 | D:5      | Reached skill level 1 in Fighting
  5948 | D:5      | Found a white marble altar of Elyvilon.
  6191 | D:6      | Reached skill level 10 in Spellcasting
  6288 | D:6      | Noticed Prince Ribbit
  6291 | D:6      | Killed Prince Ribbit
  6292 | D:6      | Reached XP level 9. HP: 40/47 MP: 20/25
  6532 | D:6      | Found a staircase to the Ecumenical Temple.
  6543 | Temple   | Entered the Ecumenical Temple
  6548 | Temple   | Became a worshipper of Sif Muna the Loreminder
  7240 | D:7      | Reached skill level 11 in Spellcasting
  7388 | D:7      | Reached * piety under Sif Muna
  7438 | D:7      | Identified the +5 chain mail "Gikuarr" {rElec rC++ Int+3}
  7477 | D:7      | Noticed a gargoyle
  7481 | D:7      | Noticed a troll
  7488 | D:7      | Killed a gargoyle
  7492 | D:7      | Killed a troll
  7688 | D:7      | Reached skill level 12 in Spellcasting
  7688 | D:7      | Reached XP level 10. HP: 52/52 MP: 16/28
  7801 | D:7      | Reached skill level 10 in Fire Magic
  7875 | D:7      | Noticed a two-headed ogre
  7887 | D:7      | Killed a two-headed ogre
  7888 | D:7      | Reached skill level 5 in Conjurations
  7895 | D:7      | Identified the +4 flail "Woeteug" {holy, rC+ rN+ Dex+3}
  8058 | D:7      | Got the Secrets of the Called Compass
  8160 | D:7      | Noticed a sun demon
  8162 | D:7      | HP: 2/53 [kobold demonologist/+2 vampiric lajatang (6)]
  8238 | D:7      | Reached ** piety under Sif Muna
  8558 | D:7      | Found a shimmering altar of Xom.
  8607 | D:7      | Reached skill level 13 in Spellcasting
  9082 | D:8      | Found a snail-covered altar of Cheibriados.
  9097 | D:8      | Learned a level 4 spell: Olgreb's Toxic Radiance
  9104 | D:8      | Learned a level 6 spell: Starburst
  9610 | D:8      | Noticed a cyclops
  9620 | D:8      | Killed a cyclops
  9621 | D:8      | Reached skill level 1 in Alchemy
 10020 | D:9      | Reached *** piety under Sif Muna
 10021 | D:9      | Reached XP level 11. HP: 53/57 MP: 21/30
 10108 | D:9      | Found a flagged portal.
 10126 | D:9      | Reached skill level 5 in Dodging
 10126 | D:9      | Reached skill level 14 in Spellcasting
 10206 | Bailey   | Entered a bailey
 10290 | Bailey   | Noticed an orc warlord
 10468 | Bailey   | Found a runed translucent gate.
 10468 | Bailey   | Found a runed translucent gate.
 10489 | Bailey   | Found a runed translucent gate.
 10617 | Bailey   | HP: 1/57 [orc warlord/+3 battleaxe (23)]
 10622 | Bailey   | Slain by an orc warlord

Illustrated notes

Levels and vault maps discovered:
D:1:      dpeg_arrival_pits, layout_basic
D:2:      layout_basic, uniq_sigmund
D:3:      minmay_razor_zed, layout_basic, nicolae_overflow_squiral,
          serial_shops, nicolae_shop_rolling_square,
          nicolae_houndstooth_variations
D:4:      layout_basic, fedhas_altar_2, nicolae_qazlal_beasts_of_the_sky,
          eat_drink_and_be_merry_uskayaw, nicolae_letterblocks
          [nicolae_letter_subblock, nicolae_letter_subblock,
          nicolae_letter_subblock, nicolae_letter_subblock,
          nicolae_letter_subblock, nicolae_letter_subblock,
          nicolae_letter_subblock, nicolae_letter_subblock,
          nicolae_letter_subblock, nicolae_letter_subblock,
          nicolae_letter_subblock, nicolae_letter_subblock,
          nicolae_letter_subblock, nicolae_letter_subblock,
          nicolae_letter_subblock, nicolae_letter_subblock,
          nicolae_letter_subblock, nicolae_letter_subblock,
          nicolae_letter_subblock, nicolae_letter_subblock,
          nicolae_letter_subblock, nicolae_letter_subblock,
          nicolae_letter_subblock, nicolae_letter_subblock,
          nicolae_letter_subblock]
D:5:      layout_loops_corners, lemuel_mausoleum_altar_kikubaaqudgha,
          nicolae_elyvilon_peaceful_grove, mainiacjoe_overflow_alcove_1,
          dk_noncrumbling_3, roderic_batcave, kennysheep_potato, uniq_duvessa
D:6:      layout_basic, minmay_temple_entry_slanted, uniq_prince_ribbit1
D:7:      minmay_the_grid_octo_2x2 [minmay_the_grid_octo_concentric,
          minmay_the_grid_octo_empty, minmay_the_grid_octo_checkered,
          minmay_the_grid_octo_prize_star], layout_basic, led_xom_imps
D:8:      layout_basic, old_standard_altar, minmay_small_thing
D:9:      layout_cave_pools, general_overflow_altar,
          grunt_lair_entry_orc_guard_hut, enter_bailey_2
Temple:   minmay_freezing_vapour_temple
Bailey:   bailey_axe_bossmonster_kennysheep, bailey

Skill      XL: |  1  2  3  4  5  6  7  8  9 10 11 |
---------------+----------------------------------+-----
Stealth        | 3 4 |  4.4
Spellcasting   | 4 5 6 8 10 12 13 14 | 14.1
Conjurations   | 2 3 4 6 |  6.1
Fire Magic     | 5 6 7 8 9 11 | 11.7
Dodging        | 4 5 |  5.0
Staves         | 2 3 |  3.0
Fighting       | 1 |  1.7
Alchemy        | 2 3 |  3.1

Action                     |  1- 3 |  4- 6 |  7- 9 | 10-12 || total
---------------------------+-------+-------+-------+-------++-------
  Melee: Dagger            |       |     1 |       |       ||     1
         Staff             |       |       |   170 |    33 ||   203
   Cast: Foxfire           |    32 |    79 |   154 |   148 ||   413
         Scorch            |     5 |    21 |    82 |    49 ||   157
         Flame Wave        |       |       |     4 |     6 ||    10
         Sting             |       |       |       |    21 ||    21
         Olgreb's Toxic Ra |       |       |       |    13 ||    13
    Use: Scroll            |     2 |     8 |     6 |     2 ||    18
         Potion            |       |       |       |     6 ||     6
   Stab: Sleeping          |       |       |     1 |       ||     1
 Armour: Robe              |       |     3 |   115 |    46 ||   164
  Dodge: Dodged            |     1 |     7 |   227 |   107 ||   342

Table legend: (Time is in decaauts)
 A = Elapsed time spent in this place.
 B = Non-inter-level travel time spent in this place.
 C = Inter-level travel time spent in this place.
 D = Time resting spent in this place.
 E = Time spent auto-exploring this place.
 F = Levels seen in this place.
 G = Mean time per level.
                   A        B        C        D        E       F      G
               +--------+--------+--------+--------+--------+-----+--------+
         Total |  10650 |  10444 |    206 |    663 |   7875 |  11 |  968.2 |
       Dungeon |  10219 |  10019 |    200 |    537 |   7751 |   9 | 1135.4 |
        Temple |     10 |      5 |      5 |      0 |      0 |   1 |   10.0 |
        Bailey |    420 |    420 |      0 |    126 |    124 |   1 |  420.0 |
               +--------+--------+--------+--------+--------+-----+--------+

Top non-repeatable levels by time:
     D:7: 1756 daAuts
     D:5: 1658 daAuts
     D:3: 1599 daAuts
     D:4: 1268 daAuts
     D:6: 1141 daAuts
     D:2: 863 daAuts
     D:1: 804 daAuts
     D:8: 720 daAuts
  Bailey: 420 daAuts
     D:9: 407 daAuts
  Temple: 10 daAuts
